 Dungeon Sprint DCSS version 0.22-a0-81-g7478db5 (webtiles) character file.

119 Kidiri the Sneak (level 4, -3/34 HPs)
             Began as a Spriggan Enchanter on Jan 18, 2018.
             Slain by a neqoxec (6 damage)
             ... in the Dungeon (Sprint II: "The Violet Keep of Menkaure").
             The game lasted 00:00:14 (14 turns).

Kidiri the Sneak (Spriggan Enchanter)                 Turns: 14, Time: 00:00:14

Health: -3/34      AC:  2    Str:  9      XL:     4   Next: 73%
Magic:  7/12       EV: 22    Int: 13 (16) God:
Gold:   0          SH:  0    Dex: 17      Spells: 12/13 levels left

rFire    . . .     SeeInvis +   a - +1 dagger
rCold    . . .     Gourm    .   (shield restricted)
rNeg     . . .     Faith    .   b - +0 robe
rPois    .         Spirit   .   (helmet restricted)
rElec    .         Reflect  .   (no cloak)
rCorr    .         Harm     .   (gloves unavailable)
MR       .....     NoTele   +   (boots unavailable)
Stlth    ..........             (no amulet)
HPRegen  0.11/turn              (no ring)
MPRegen  0.13/turn              (no ring)

@: berserking (expiring), very quick
A: very small, unfitting armour, see invisible, herbivore, speed 3, slow
metabolism 2
a: no special abilities


You were in the Dungeon.
You were not hungry.

You visited 1 branch

Inventory:

Hand Weapons
 a - a +1 dagger (weapon)
Armour
 b - a +0 robe (worn)
Scrolls
 j - a scroll of blinking
Potions
 e - a potion of curing
 f - a potion of heal wounds
 g - a potion of haste
 h - 2 potions of magic
Books
 c - a book of Maledictions

   Spells                             Type                      Level
   a - Corona                         Hexes                        1
   b - Ensorcelled Hibernation        Hexes/Ice                    2
   c - Confuse                        Hexes                        3
   d - Tukima's Dance                 Hexes                        3
   e - Dazzling Spray                 Conjuration/Hexes            3
Comestibles
 d - a ration


   Skills:
 + Level 2.0 Fighting
 * Level 4.3 Short Blades
 + Level 1.8 Armour
 * Level 6.4 Dodging
 * Level 7.6 Stealth
 * Level 5.4 Spellcasting
 + Level 5.0 Hexes


You had 12 spell levels left.
You knew the following spells:

 Your Spells              Type           Power        Failure   Level  Hunger
a - Corona                Hex            ###....      2%          1    None


Dungeon Overview and Level Annotations

Branches:
Dungeon (1/1)

Altars:


Innate Abilities, Weirdness & Mutations

You are very small and have problems with some larger weapons.
You are too small for most types of armour.
You have supernaturally acute eyesight. (SInv)
You are a herbivore.
You cover ground extremely quickly.
You need consume almost no food.


Message History

The neqoxec gestures at you.
You feel dopey. Something feeds on your intellect!
The crimson imp blinks!
The neqoxec gestures at you.
Something tries to feed on your intellect!
You barely miss the white imp. The white imp misses you.
The neqoxec gestures.
You puncture the white imp!
You kill the white imp!
The neqoxec closely misses you. The neqoxec gestures at you.
Something tries to feed on your intellect!
The neqoxec closely misses you. The crimson imp completely misses you.
There is an open door here.
You hit the neqoxec.
The neqoxec is lightly wounded.
You puncture the neqoxec!
The neqoxec is moderately wounded.
The neqoxec hits you.
You die...

## #+#
#.#
##.##5#
+.<.@3#
##.##33#
#+# #5#
##


You could see 3 neqoxecs and 2 crimson imps.

Vanquished Creatures
  A neqoxec (D)
1 creature vanquished.

Notes
Turn   | Place    | Note
-------+----------+-------------------------------------------
     0 | D        | Kidiri the Spriggan Enchanter began the quest for the Orb.
     0 | D        | Reached XP level 1. HP: 9/9 MP: 5/5
     1 | D        | Noticed a neqoxec
     1 | D        | Noticed a neqoxec
     1 | D        | Noticed a neqoxec
     1 | D        | Noticed a neqoxec
     2 | D        | Noticed a crimson imp
     9 | D        | Killed a neqoxec
     9 | D        | Reached skill level 1 in Armour
     9 | D        | Reached skill level 7 in Stealth
     9 | D        | Reached skill level 5 in Spellcasting
     9 | D        | Reached skill level 5 in Hexes
     9 | D        | Reached XP level 2. HP: 2/15 MP: 6/9
     9 | D        | Reached XP level 3. HP: 2/18 MP: 6/10
     9 | D        | Reached XP level 4. HP: 3/23 MP: 7/12
    14 | D        | Slain by a neqoxec

Vault maps used:
D:        the_violet_keep_of_menkaure

Skill      XL: |  1 |
---------------+----+-----
Fighting       | 2 |  2.0
Short Blades   | 4 |  4.3
Armour         | 1 |  1.8
Dodging        | 6 |  6.4
Stealth        | 7 |  7.6
Spellcasting   | 5 |  5.4
Hexes          | 5 |  5.0

Action                   |  1- 3 |  4- 6 || total
-------------------------+-------+-------++-------
Melee: Dagger            |     7 |     4 ||    11
  Use: Potion            |     1 |       ||     1
Dodge: Dodged            |     2 |     4 ||     6

Table legend:
 A = Spawn XP
 B = Non-spawn XP
 C = Spawn XP percentage of total XP
 D = Spawn monster count
 E = Non-spawn monster count
 F = Spawn count percentage of total count
 G = Total turns spent on level
                    A         B        C        D         E        F      G
               +---------+---------+-------+---------+---------+-------+---------
         Total |       0 |     170 |   0.0 |       0 |       1 |   0.0 |    14
               +---------+---------+-------+---------+---------+-------+---------
             D |       0 |     170 |   0.0 |       0 |       1 |   0.0 |    14
               +---------+---------+-------+---------+---------+-------+---------
